 Dungeon Crawl Stone Soup version 0.20.1-1-g8b1a95d (console) character file.

154 bli the Skirmisher (level 5, 0/42 HPs)
             Began as a Demonspawn Monk on July 29, 2017.
             Slain by an orc priest (6 damage)
             ... on level 4 of the Dungeon.
             The game lasted 00:11:28 (3210 turns).

bli the Skirmisher (Demonspawn Monk)                Turns: 3210, Time: 00:11:29

Health: 0/42       AC:  2    Str: 11    XL:     5   Next: 13%
Magic:  5/5        EV: 14    Int: 12    God:
Gold:   175        SH:  0    Dex: 18    Spells: 4/4 levels left

rFire    . . .     SeeInvis .   a - +0 spear
rCold    . . .     Gourm    .   (no shield)
rNeg     + . .     Faith    .   b - +0 robe
rPois    .         Spirit   .   (no helmet)
rElec    .         Reflect  .   (no cloak)
rCorr    .         Harm     .   (no gloves)
MR       .....                  (no boots)
Stlth    +++.......             (no amulet)
Regen    0.2/turn               l - ring of positive energy
MPRegen  0.1/turn               (no ring)

@: no status effects
A: thin skeletal structure 1, powered by pain 1, rot immunity
a: no special abilities


You were on level 4 of the Dungeon.
You were very hungry.

You visited 1 branch of the dungeon, and saw 4 of its levels.

You collected 175 gold pieces.

Inventory:

Hand Weapons
 a - a +0 spear (weapon)
 i - a +0 short sword of venom
Missiles
 k - 117 stones (quivered)
Armour
 b - a +0 robe (worn)
Jewellery
 l - a ring of positive energy (left hand)
 r - an uncursed ring of stealth {unknown}
Scrolls
 d - a scroll of amnesia {unknown}
 e - a scroll of random uselessness {unknown}
 m - 3 scrolls of recharging {unknown}
 n - a scroll of magic mapping {unknown}
 o - a scroll of remove curse {unknown}
 q - 2 scrolls of immolation {unknown}
 s - 2 scrolls of fear {unknown}
 v - a scroll of identify {unknown}
 w - a scroll of noise {unknown}
 x - 2 scrolls of teleportation {unknown}
Potions
 f - a potion of magic {unknown}
 h - a potion of heal wounds
 j - 2 potions of mutation {unknown}
 p - a potion of might {unknown}
 t - a potion of agility {unknown}
Comestibles
 c - 3 bread rations
 g - a meat ration
 u - 7 fruits


   Skills:
 * Level 4.1 Fighting
 + Level 3.7 Polearms
 + Level 3.5 Dodging
 + Level 2.3 Stealth


You had 4 spell levels left.
You didn't know any spells.

Dungeon Overview and Level Annotations

Branches:
Dungeon (4/15)
 Temple: D:4-7

Altars:
Ashenzari
Qazlal


Innate Abilities, Weirdness & Mutations

You have a somewhat thin skeletal structure. (Dex +2, Stealth)
You sometimes gain a little power by taking damage.
You are immune to rotting.


Message History

The orc priest is moderately wounded.
The orc priest hits you.
* * * LOW HITPOINT WARNING * * *
You hit the orc priest.
The orc priest is severely wounded.
The orc priest hits you.
* * * LOW HITPOINT WARNING * * *
You hit the orc priest but do no damage.
The orc priest is severely wounded.
The orc priest hits you.
* * * LOW HITPOINT WARNING * * *
You hit the orc priest but do no damage.
The orc priest is severely wounded.
You closely miss the orc priest.
The orc priest is severely wounded.
The orc priest closely misses you.
You hit the orc priest but do no damage.
The orc priest is severely wounded.
The orc priest hits you.
You die...

#.##..(#.# ##.#......#
#.....P♣..# #...P.....#
#...PP....# #.........#
##.......## #.......#
#.##.####
###########.##.#####
#oo@................
#.#####.###..#...... #.#
#.##...##.#### #.#
#.##...#...... #o#
#.##...#..###. ######.###
#.##...#..#<#. #........#
#.##...#..#.#. #.%......#
#.##..(#..#...
#.....>..................
............######........
..........$.# ########.


You could see an orc priest and an orc.

Vanquished Creatures
  An orc priest (D:3)
  4 adders
  An ooze (D:1)
  2 worms
  4 dart slugs
  4 orcs
  6 bats
  7 giant cockroaches
  8 goblins
  10 hobgoblins
  8 kobolds
  5 frilled lizards
  6 rats
66 creatures vanquished.

Notes
Turn   | Place    | Note
-------+----------+-------------------------------------------
     0 | D:1      | bli the Demonspawn Monk began the quest for the Orb.
     0 | D:1      | Reached XP level 1. HP: 18/18 MP: 1/1
    56 | D:1      | Gained mutation: You have a somewhat thin skeletal structure. (Dex +2, Stealth) [demonic ancestry]
    56 | D:1      | Reached XP level 2. HP: 20/24 MP: 2/2
   422 | D:1      | Reached XP level 3. HP: 29/29 MP: 3/3
  1523 | D:2      | Found a shattered altar of Ashenzari.
  1627 | D:2      | Gained mutation: You are immune to rotting. [demonic ancestry]
  1627 | D:2      | Reached XP level 4. HP: 28/36 MP: 4/4
  2632 | D:3      | Reached skill level 4 in Fighting
  2632 | D:3      | Gained mutation: You sometimes gain a little power by taking damage. [demonic ancestry]
  2632 | D:3      | Reached XP level 5. HP: 14/42 MP: 5/5
  3030 | D:3      | Noticed an air elemental
  3032 | D:3      | Noticed a water elemental
  3034 | D:3      | Found a stormy altar of Qazlal.
  3035 | D:3      | Noticed a fire elemental
  3210 | D:4      | Slain by an orc priest

Skill      XL: |  1  2  3  4 |
---------------+-------------+-----
Polearms       | 3 |  3.7
Dodging        | 3 |  3.5
Stealth        | 2 |  2.3
Fighting       | 4 |  4.1

Action                   |  1- 3 |  4- 6 || total
-------------------------+-------+-------++-------
Melee: Spear             |   142 |   138 ||   280
  Use: Potion            |       |     2 ||     2
 Stab: Sleeping          |     1 |     3 ||     4
  Eat: Chunk             |     2 |     4 ||     6
Armor: Robe              |    12 |    17 ||    29
Dodge: Dodged            |    65 |    77 ||   142
